 Dungeon Crawl Stone Soup version 0.27-a0-3-gcf006a40f5 (webtiles) character file.

Game seed: 2295911954070792041

34589 pkoi the Quickloader (level 13, 0/116 HPs)
             Began as a Minotaur Hunter on Jan 1, 2021.
             Was a High Priest of Okawaru.
             Killed from afar by a rime drake (2 damage)
             ... with a flash freeze
             ... while petrified by a catoblepas
             ... on level 6 of the Lair of Beasts.
             The game lasted 00:26:01 (19621 turns).

pkoi the Quickloader (Minotaur Hunter)             Turns: 19621, Time: 00:26:01

Health: 0/116      AC: 16    Str: 24    XL:     13   Next: 43%
Magic:  9/9        EV:  2    Int:  5    God:    Okawaru [*****.]
Gold:   1893       SH:  0    Dex: 11    Spells: 12/12 levels left

rFire    + + +     SeeInvis +   a - +1 great sword
rCold    . . .     Faith    .   (shield currently unavailable)
rNeg     + + +     Spirit   .   Q - +3 leather armour "Taugya" {Rampage rF+++ MP-9}
rPois    ∞         Reflect  .   B - +2 hat "Liddy" {rN+++ Str+2 Int-3 SInv}
rElec    .         Harm     .   K - +1 cloak
rCorr    .         Rampage  +   k - +0 pair of gloves
Will     +....                  M - +1 pair of boots {Fly}
Stlth    +.........             O - amulet of magic regeneration
HPRegen  0.29/turn              C - ring of willpower
MPRegen  0.36/turn              p - ring of poison resistance

@: petrified, flying
A: retaliatory headbutt, horns 2
a: Stop Flying, Renounce Religion, Heroism, Finesse


You were on level 6 of the Lair of Beasts.
You worshipped Okawaru.
Okawaru was extremely pleased with you.
You visited 3 branches of the dungeon, and saw 16 of its levels.

You collected 2001 gold pieces.
You spent 108 gold pieces at shops.

Inventory:

Hand Weapons
 a - a +1 great sword (weapon)
 b - a +0 arbalest of flaming
 f - a +0 dagger of venom
 I - a +0 scimitar of flaming
Missiles
 d - 108 bolts
Armour
 k - a +0 pair of gloves (worn)
 B - the +2 hat "Liddy" (worn) {rN+++ Str+2 Int-3 SInv}
   (Okawaru gifted it to you on level 4 of the Lair of Beasts)

   It affects your strength (+2).
   It affects your intelligence (-3).
   It renders you almost immune to negative energy.
   It lets you see invisible.
 K - a +1 cloak (worn)
 M - a +1 pair of boots of flying (worn)
 Q - the +3 leather armour "Taugya" (worn) {Rampage rF+++ MP-9}
   (You found it on level 3 of the Lair of Beasts)

   It renders you almost immune to fire.
   It affects your magic capacity (-9).
   It bestows one free step when moving towards enemies.
Jewellery
 g - an uncursed ring of ice
 i - an uncursed ring of fire
 n - an uncursed ring of see invisible
 p - a ring of poison resistance (right hand)
 C - a ring of willpower (left hand)
 O - an amulet of magic regeneration (around neck)
Wands
 c - a wand of iceblast (35)
 u - a wand of digging (10)
 E - a wand of random effects (47)
 L - a wand of flame (31)
 N - a wand of acid (9)
Scrolls
 e - 6 scrolls of teleportation
 h - 6 scrolls of amnesia
 j - 2 scrolls of fear
 l - 5 scrolls of enchant armour
 m - 16 scrolls of identify
 q - 2 scrolls of magic mapping
 r - 2 scrolls of immolation
 v - 5 scrolls of remove curse
 y - 4 scrolls of blinking
 D - a scroll of vulnerability
 H - 2 scrolls of enchant weapon
 P - a scroll of fog
Potions
 o - a potion of haste
 s - 3 potions of curing
 t - a potion of ambrosia {unknown}
 x - a potion of flight {unknown}
 z - a potion of brilliance
 A - a potion of magic
 F - 4 potions of lignification
 J - a potion of heal wounds


   Skills:
 + Level 11.2 Fighting
 - Level 2.0(7.5) Short Blades
 + Level 12.2(12.3) Long Blades
 + Level 12.2 Crossbows
 + Level 11.0 Armour
 + Level 10.4 Dodging
 - Level 0.7 Stealth
 - Level 8.0 Invocations


You had 12 spell levels left.
You didn't know any spells.
Your spell library contained the following spells:

 Spells                   Type           Power        Failure   Level
 Animate Skeleton         Necr           0%           52%         1
 Apportation              Tloc           0%           52%         1
 Beastly Appendage        Tmut           0%           52%         1
 Corona                   Hex            0%           52%         1
 Magic Dart               Conj           0%           52%         1
 Summon Small Mammal      Summ           0%           52%         1
 Blink                    Tloc           N/A          65%         2
 Call Imp                 Summ           0%           65%         2
 Slow                     Hex            0%           65%         2
 Wereblood                Tmut           0%           65%         2
 Conjure Flame            Conj/Fire      0%           87%         3
 Mephitic Cloud           Conj/Pois/Air  0%           87%         3
 Spider Form              Tmut/Pois      0%           87%         3
 Ice Form                 Ice/Tmut       0%           99%         4
 Blade Hands              Tmut           0%           100%        5
 Metabolic Englaciation   Hex/Ice        0%           100%        5
 Freezing Cloud           Conj/Ice/Air   0%           100%        6
 Ozocubu's Refrigeration  Ice            0%           100%        6
 Simulacrum               Ice/Necr       0%           100%        6


Dungeon Overview and Level Annotations

Branches:
Dungeon (9/15)             Temple (1/1) D:4            Lair (6/6) D:8
  Swamp (0/4) Lair:3        Snake (0/4) Lair:3
  Slime: Lair:5-6       Orc: D:9-12

Altars:
Ashenzari
Cheibriados
Dithmenos
Elyvilon
Fedhas
Gozag
Hepliaklqana
Kikubaaqudgha
Makhleb
Nemelex Xobeh
Okawaru
Qazlal
Ru
Sif Muna
Trog
Uskayaw
Vehumet
Wu Jian
Xom
Yredelemnul
Zin
The Shining One

Shops:
D:5 !

Annotations:
Lair:3 2 transporters, SkiChan's ghost, journeyman MiBe


Innate Abilities, Weirdness & Mutations

You reflexively headbutt those who attack you in melee.
You have a pair of horns on your head.


Message History

The rime drake breathes ice at you. The flash freeze hits you!
* * * LOW HITPOINT WARNING * * *
You are encased in ice.
You are engulfed in calcifying dust.
The catoblepas breathes a plume of calcifying dust at you.
The blast of calcifying dust hits you but does no damage.
You are engulfed in calcifying dust.
The catoblepas breathes a plume of calcifying dust at you.
The blast of calcifying dust hits you but does no damage.
You are engulfed in calcifying dust.
The ice encasing you melts away. The catoblepas gores you!!
* * * LOW HITPOINT WARNING * * *
The rime drake bites you but does no damage.
The catoblepas gores you!
* * * LOW HITPOINT WARNING * * *
The rime drake breathes ice at you. The flash freeze hits you.
You die...

#.#...
##.P........
#Y#.. P..........
#...
####..........
#§.##...........#
#.#.#.#........#
#...#.P.......#
#)..#......<.###
##...#.(...k##
#P..#.....Y@##
#.P.#.........#
#P.!......#..##
#.............#
.#.......#...#.#
#......#...####
##....##### ###..


You could see a catoblepas and a rime drake (catching breath).

Vanquished Creatures
  8 hydras
  4 death yaks (Lair:4)
  Sonja (Lair:3)
  2 cyclopes (D:8)
  14 elephants
  Maurice (D:8)
  5 black mambas
  Joseph (D:7)
  Psyche (D:8)
  7 cane toads
  Maggie (D:6)
  2 rime drakes
  An efreet (D:8)
  5 komodo dragons
  A troll (D:8)
  7 blink frogs
  6 dream sheep (Lair:4)
  4 wyverns
  28 yaks
  3 basilisks
  Edmund (D:6)
  15 water moccasins
  3 ice beasts
  2 orc warriors
  3 black bears
  3 phantoms
  A sky beast (D:8)
  An ogre (D:5)
  11 wolves
  A big kobold (D:8)
  15 bullfrogs
  2 scorpions
  4 wights
  A centaur zombie (D:5)
  2 jellies (D:8)
  2 orc priests
  4 hounds
  5 orc wizards
  2 bullfrog skeletons
  A centaur skeleton (D:4)
  3 iguanas
  5 hell rats (Lair:3)
  9 worker ants
  A killer bee zombie (D:6)
  3 hound skeletons
  3 gnolls (D:4)
  12 adders
  A shadow imp (D:6)
  A white imp (D:8)
  2 oozes
  2 worms
  A dart slug (D:2)
  5 leopard geckos
  16 orcs
  7 bats
  11 giant cockroaches
  19 goblins
  9 hobgoblins
  16 jackals
  3 quokkas
  2 ball pythons
  3 frilled lizards
  6 kobolds
  2 quokka skeletons
  9 rats
332 creatures vanquished.

Vanquished Creatures (others)
  29 fungi
  39 plants
68 creatures vanquished.

Grand Total: 400 creatures vanquished

Notes
Turn   | Place    | Note
-------+----------+-------------------------------------------
     0 | D:1      | pkoi the Minotaur Hunter began the quest for the Orb.
     0 | D:1      | Reached XP level 1. HP: 18/18 MP: 0/0
   111 | D:1      | Reached skill level 1 in Short Blades
   116 | D:1      | Reached XP level 2. HP: 18/25 MP: 1/1
  1067 | D:2      | Reached skill level 5 in Crossbows
  1067 | D:2      | Reached XP level 3. HP: 30/30 MP: 2/2
  1275 | D:2      | Reached skill level 1 in Long Blades
  1544 | D:2      | Reached XP level 4. HP: 37/37 MP: 3/3
  1724 | D:2      | Found an ancient bone altar of Kikubaaqudgha.
  2075 | D:3      | Found a broken altar of Ashenzari.
  2357 | D:3      | Found a bloodstained altar of Trog.
  2461 | D:3      | Reached XP level 5. HP: 41/42 MP: 4/4
  3409 | D:3      | Found a glowing silver altar of Zin.
  3818 | D:4      | Found a staircase to the Ecumenical Temple.
  3831 | Temple   | Entered the Ecumenical Temple
  3896 | Temple   | Became a worshipper of Warmaster Okawaru
  3969 | D:4      | Found an ornate altar of the Wu Jian Council.
  4216 | D:4      | Reached XP level 6. HP: 47/50 MP: 5/5
  4367 | D:4      | Reached skill level 5 in Long Blades
  4576 | D:4      | Found a sacrificial altar of Ru.
  4966 | D:5      | Entered Level 5 of the Dungeon
  5050 | D:5      | Found Wafa's Distillery.
  5053 | D:5      | Bought a potion of degeneration for 12 gold pieces
  5053 | D:5      | Bought a potion of mutation for 96 gold pieces
  5079 | D:5      | Found a shadowy altar of Dithmenos.
  5132 | D:5      | Reached XP level 7. HP: 51/56 MP: 6/6
  5184 | D:5      | Reached * piety under Okawaru
  5185 | D:5      | Reached skill level 1 in Armour
  5456 | D:5      | Reached skill level 1 in Invocations
  5969 | D:6      | Found a blossoming altar of Fedhas.
  6052 | D:6      | Noticed Maggie
  6068 | D:6      | Killed Maggie
  6068 | D:6      | Reached ** piety under Okawaru
  6069 | D:6      | Reached XP level 8. HP: 43/66 MP: 5/8
  6540 | D:6      | Noticed Edmund
  6549 | D:6      | Killed Edmund
  6611 | D:6      | You fall into a shaft and drop 3 floors!
  6930 | D:8      | Reached *** piety under Okawaru
  6931 | D:8      | Reached skill level 5 in Fighting
  6931 | D:8      | Reached XP level 9. HP: 24/74 MP: 10/10
  7291 | D:8      | Noticed Maurice
  7347 | D:8      | Killed Maurice
  7348 | D:8      | Reached skill level 5 in Dodging
  7421 | D:8      | Reached skill level 5 in Armour
  7428 | D:8      | Noticed Psyche
  7430 | D:8      | Noticed a troll
  7448 | D:8      | Killed Psyche
  7448 | D:8      | Reached **** piety under Okawaru
  7475 | D:8      | Received a gift from Okawaru
  8227 | D:7      | Found a broken altar of Ashenzari.
  8422 | D:7      | Noticed Joseph
  8429 | D:7      | Killed Joseph
  9026 | D:8      | Found a staircase to the Lair.
  9034 | D:8      | Reached XP level 10. HP: 45/84 MP: 12/12
  9135 | D:8      | Reached skill level 5 in Invocations
  9264 | D:8      | Received a gift from Okawaru
  9791 | D:8      | Noticed a cyclops
  9794 | D:8      | Noticed a cyclops
 10194 | D:8      | Killed a cyclops
 10457 | D:8      | Killed a cyclops
 10652 | D:8      | Found a shimmering altar of Xom.
 10731 | D:8      | Found a basalt altar of Yredelemnul.
 10786 | Lair:1   | Entered Level 1 of the Lair of Beasts
 10786 | Lair:1   | Noticed a cane toad
 10791 | Lair:1   | Noticed a cane toad
 10796 | D:8      | Killed a cane toad
 10811 | Lair:1   | Killed a cane toad
 10813 | Lair:1   | HP: 4/86 [poisoned by a cane toad]
 11118 | Lair:1   | Noticed a black mamba
 11136 | Lair:1   | Killed a black mamba
 11136 | Lair:1   | Received a gift from Okawaru
 11324 | Lair:1   | Reached ***** piety under Okawaru
 11325 | Lair:1   | Reached XP level 11. HP: 49/94 MP: 14/14
 11328 | Lair:1   | Reached skill level 10 in Crossbows
 12545 | Lair:1   | Received a gift from Okawaru
 13522 | Lair:2   | Noticed a five-headed hydra
 13533 | Lair:2   | Killed a two-headed hydra
 13909 | Lair:2   | Noticed a five-headed hydra
 13921 | Lair:2   | Killed a one-headed hydra
 13922 | Lair:2   | Reached skill level 10 in Long Blades
 15139 | Lair:3   | Noticed a five-headed hydra
 15151 | Lair:2   | Killed a two-headed hydra
 15395 | Lair:3   | Found a staircase to the Swamp.
 15396 | Lair:3   | Noticed a four-headed hydra
 15415 | Lair:3   | Killed a one-headed hydra
 15415 | Lair:3   | Received a gift from Okawaru
 15416 | Lair:3   | Reached XP level 12. HP: 43/104 MP: 16/16
 15466 | Lair:3   | Got a fine leather armour
 15477 | Lair:3   | Identified the +3 leather armour "Taugya" {Rampage rF+++
                  | MP-9} (You found it on level 3 of the Lair of Beasts)
 15979 | Lair:3   | Found a transporter.
 15979 | Lair:3   | Found a transporter.
 15982 | Lair:3   | Identified the +4 spear of the Sneaky Knives {antimagic,
                  | Int+3}
 16016 | Lair:3   | Noticed SkiChan's ghost (journeyman MiBe)
 16041 | Lair:3   | Identified the +6 trident of Forced Transition {vorpal, rC+
                  | Will+}
 16079 | Lair:3   | Identified the +6 rapier "Ithar" {flame, *Drain Str+7
                  | Int+3}
 16242 | Lair:3   | Found a bloodstained altar of Trog.
 16325 | Lair:3   | Noticed Sonja
 16343 | Lair:3   | Killed Sonja
 16550 | Lair:3   | Found a staircase to the Snake Pit.
 16869 | Lair:4   | Noticed a five-headed hydra
 16878 | Lair:3   | Received a gift from Okawaru
 17028 | Lair:4   | Killed a one-headed hydra
 17394 | Lair:4   | Reached skill level 10 in Fighting
 17423 | Lair:4   | Noticed a four-headed hydra
 17430 | Lair:4   | Killed a three-headed hydra
 17563 | Lair:4   | Reached skill level 10 in Armour
 17563 | Lair:4   | Noticed a death yak
 17570 | Lair:4   | Noticed a death yak
 17573 | Lair:4   | Noticed a death yak
 17574 | Lair:4   | Killed a death yak
 17578 | Lair:4   | Killed a death yak
 17587 | Lair:4   | Killed a death yak
 17591 | Lair:4   | Noticed a death yak
 17600 | Lair:4   | Killed a death yak
 17798 | Lair:4   | Reached XP level 13. HP: 114/114 MP: 9/18
 17903 | Lair:4   | Reached skill level 10 in Dodging
 17906 | Lair:4   | Received a gift from Okawaru
 17914 | Lair:4   | Got a faintly humming hat {god gift}
 17920 | Lair:4   | Identified the +2 hat "Liddy" {rN+++ Str+2 Int-3 SInv}
                  | (Okawaru gifted it to you on level 4 of the Lair of Beasts)
 18297 | Lair:4   | Identified a scroll of acquirement
 18297 | Lair:4   | Acquired 808 gold pieces
 19579 | Lair:6   | Entered Level 6 of the Lair of Beasts
 19621 | Lair:6   | HP: 2/116 [catoblepas (8)]
 19621 | Lair:6   | Killed from afar by a rime drake

Illustrated notes

Levels and vault maps discovered:
D:1:      lightli_arrival_farm, layout_rooms, serial_forest,
          infiniplex_forest_clump_long, infiniplex_forest_corner_1,
          infiniplex_forest_end_1, infiniplex_forest_lined_room_,
          infiniplex_forest_lined_3, infiniplex_forest_join,
          infiniplex_forest_join, infiniplex_forest_straight_2,
          infiniplex_forest_clump_diagonal
D:2:      layout_basic, lemuel_doored_altar
D:3:      cheibrodos_greedy_goblins, layout_loops_ring,
          nicolae_overflow_crystal_walls, overflow_temple_1_default,
          nicolae_ashenzari_panopticon
D:4:      minmay_chambers_of_twos, layout_basic,
          nicolae_ru_great_annihilating_truth, kennysheep_mini_moat,
          minmay_temple_entry_large_hall, kennysheep_generic_room_4
D:5:      layout_gridville, grunt_dithmenos_smoke_and_mirrors, serial_shops,
          nicolae_shop_behind_doors, minmay_ogre_servants
D:6:      layout_basic, overflow_temple_1_default, uniq_edmund, uniq_maggie
D:7:      layout_loops_ring, old_standard_altar, uniq_joseph
D:8:      hangedman_cross_veins, layout_basic, kennysheep_mini,
          overflow_temple_1_default, grunt_lair_entry_orc_guard_hut,
          uniq_maurice, uniq_psyche
D:9:      layout_stronghold, serial_shops, nicolae_shop_trees, enter_bailey_4,
          minivault_12, uniq_grum
Temple:   nicolae_temple_hex_pool
Lair:1:   layout_misc_corridors
Lair:2:   layout_regular_city, minivault_11, minmay_shattered_shrine
Lair:3:   layout_misc_corridors, swamp_mist, dummy_snake_entry,
          gammafunk_ghost_wrathful_warriors, uniq_sonja
Lair:4:   layout_hall_layers, grunt_megastairs_4
Lair:5:   layout_misc_corridors
Lair:6:   evilmike_catoblepas_cave, layout_cave_pods, slime_altar_1,
          infiniplex_staircase_pool_2

Skill      XL: |  1  2  3  4  5  6  7  8  9 10 11 12 13 |
---------------+----------------------------------------+-----
Short Blades   | 1 2 |  2.0
Crossbows      | 5 6 7 8 9 10 11 12 | 12.2
Long Blades    | 1 2 4 5 6 7 8 9 10 11 12 | 12.2
Armour         | 2 4 6 7 9 10 11 | 11.0
Invocations    | 2 3 4 6 7 8 |  8.0
Fighting       | 4 5 6 7 9 10 11 | 11.2
Dodging        | 3 4 6 7 8 9 10 | 10.4
Stealth        | |  0.7

Action                   |  1- 3 |  4- 6 |  7- 9 | 10-12 | 13-15 || total
-------------------------+-------+-------+-------+-------+-------++-------
Melee: Short sword       |    40 |       |       |       |       ||    40
       Headbutt          |    11 |    20 |    15 |    90 |    18 ||   154
       Dagger            |    47 |   101 |       |       |       ||   148
       Long sword        |       |    28 |       |       |       ||    28
       Great sword       |       |     2 |    90 |   307 |    46 ||   445
       Scimitar          |       |       |       |    55 |     1 ||    56
       Punch             |       |       |       |     1 |       ||     1
 Fire: Hand crossbow     |     1 |    51 |   185 |   110 |       ||   347
       Arbalest          |       |       |       |    59 |    84 ||   143
Invok: Heroism           |       |       |     2 |    10 |     2 ||    14
  Use: Scroll            |     5 |     6 |     1 |     4 |     2 ||    18
       Potion            |     2 |     2 |       |     7 |       ||    11
 Stab: Sleeping          |       |     1 |       |       |       ||     1
Armor: Leather armour    |    23 |    38 |    11 |    39 |    49 ||   160
       Steam dragon scal |       |       |    47 |   100 |       ||   147
       Skin              |       |       |       |    19 |       ||    19
Dodge: Dodged            |    51 |    90 |   132 |   360 |    63 ||   696
       Rpst.: Long sword |       |     5 |       |       |       ||     5
       Great sword       |       |       |    23 |    60 |     8 ||    91
       Scimitar          |       |       |       |    13 |     1 ||    14

Table legend: (Time is in decaauts)
 A = Elapsed time spent in this place.
 B = Non-inter-level travel time spent in this place.
 C = Inter-level travel time spent in this place.
 D = Time resting spent in this place.
 E = Time spent auto-exploring this place.
 F = Levels seen in this place.
 G = Mean time per level.
                   A        B        C        D        E       F      G
               +--------+--------+--------+--------+--------+-----+--------+
         Total |  19688 |  19205 |    483 |   6534 |   9836 |  16 | 1230.5 |
       Dungeon |  11011 |  10662 |    349 |   2868 |   6223 |   9 | 1223.4 |
        Temple |    116 |    108 |      8 |      0 |    102 |   1 |  116.0 |
          Lair |   8560 |   8434 |    126 |   3666 |   3511 |   6 | 1426.7 |
               +--------+--------+--------+--------+--------+-----+--------+

Top non-repeatable levels by time:
     D:8: 2748 daAuts
  Lair:1: 2421 daAuts
  Lair:3: 1943 daAuts
  Lair:2: 1837 daAuts
     D:3: 1699 daAuts
     D:6: 1608 daAuts
  Lair:5: 1244 daAuts
     D:2: 1119 daAuts
     D:4: 1069 daAuts
  Lair:4: 1069 daAuts
     D:7: 1045 daAuts
     D:1: 955 daAuts
     D:5: 624 daAuts
     D:9: 141 daAuts
  Temple: 116 daAuts
